 Dungeon Crawl Stone Soup version bcrawl-1.21.3-2-g9d8a61a446 (webtiles) character file.

Game seed: 12098868748461124435

49 funkygono the Conjurer (level 3, 0/21 HPs)
             Began as a Fairy Conjurer on Apr 19, 2020.
             Slain by a water moccasin (4 damage)
             ... on level 3 of the Dungeon.
             The game lasted 00:02:55 (873 turns).

funkygono the Conjurer (Fairy Conjurer)              Turns: 873, Time: 00:02:55

Health: 0/21       AC:  4    Str:  6    XL:     3   Next: 77%
Magic:  9/9        EV: 16    Int: 19    God:
Gold:   83         SH:  4    Dex: 12    Spells: 5/8 levels left

rFire    . . .     SeeInvis .   d - +0 short sword
rCold    . . .     Gourm    .   (shield restricted)
rNeg     . . .     Faith    .   (armour unavailable)
rPois    .         Spirit   .   (no helmet)
rElec    .         Reflect  .   (no cloak)
rCorr    .         Harm     .   (no gloves)
MR       .....                  (no boots)
Stlth    +.........             (no amulet)
HPRegen  0.07/turn              (no ring)
MPRegen  0.11/turn              (no ring)

@: flying evasively
A: small, magic attunement, unstealthy, unfitting armour, able to fly, AC/SH +4
a: Stop Flying


You were on level 3 of the Dungeon.
You were not hungry.

You visited 1 branch of the dungeon, and saw 3 of its levels.

You collected 83 gold pieces.

Inventory:

Hand Weapons
 d - a +0 short sword (weapon)
Scrolls
 i - a scroll of immolation {unknown}
 j - a scroll of blinking {unknown}
 k - a scroll of remove curse {unknown}
Potions
 b - 3 potions of magic
 f - 2 potions of might
 l - a potion of invisibility
 m - a potion of agility {unknown}
Comestibles
 e - 2 rations {!d}


   Skills:
 + Level 0.1 Short Blades
 + Level 3.0 Dodging
 + Level 1.7 Stealth
 + Level 3.3 Spellcasting
 + Level 5.8 Conjurations


You had 5 spell levels left.
You knew the following spells:

 Your Spells              Type           Power        Failure   Level  Hunger
a - Magic Dart            Conj           ####         1%          1    None
b - Searing Ray           Conj           ####....     1%          2    None

Your spell library contained the following spells:

 Spells                   Type           Power        Failure   Level  Hunger
 Iskenderun's Mystic Bla  Conj           ####....     4%          3    None
 Fulminant Prism          Conj/Hex       ##........   41%         4    None
 Irradiate                Conj/Tmut      ##........   77%         5    None


Dungeon Overview and Level Annotations

Branches:
Dungeon (3/12)

Altars:

Annotations:
D:3 Robin


Innate Abilities, Weirdness & Mutations

Your spells do not cause hunger and MP costs are reduced by 1.
Your bright wings attract enemies. (Stealth-)
You cannot fit into any form of body armour.
Your shimmering scales are hard and can block incoming attacks. (AC +4, SH +4)
You are small and have problems with some larger weapons.
You can fly continuously.


Message History

A goblin and Robin come into view.
The goblin is wielding a +1 dagger of electrocution.
Robin shouts!
The goblin shouts!
The bat hits you but does no damage. The giant cockroach closely misses you.
You block the bat's attack.
Robin roars a battlecry!
The goblins go into a battle-frenzy!
The goblin moves out of view.
You hear a shout!
You completely miss the goblin. The bat misses you. You block the bat's attack.
The giant cockroach waves its antennae.
The giant cockroach misses you. You block the bat's attack.
The giant cockroach completely misses you.
The goblin hits you but does no damage.
You hit the giant cockroach.
You kill the giant cockroach!
The bat hits you but does no damage. The bat completely misses you.
A goblin comes into view. It is wielding a +0 dagger.
The water moccasin bites you.
You die...

# #..# #.## #..#
#..#.
#####..######.#.#
.....!.....!...#.#
.####...#.###..#.#
#..(#.# #..#.#
#...#.###..#.###g.g
#..........>ggggggg
.........bS@#####.
.#.#.#####..b#
#.#.#. #..=# ......
#####..# #..# #..#
#...


You could see a water moccasin, Robin, 8 goblins and 2 bats.

Vanquished Creatures
  An ooze (D:2)
  A worm (D:1)
  A dart slug (D:1)
  2 leopard geckos (D:1)
  An orc (D:2)
  A giant cockroach (D:3)
  4 goblins
  6 hobgoblins (D:1)
  A jackal (D:2)
  6 bats
  4 frilled lizards (D:1)
  6 kobolds (D:1)
  3 rats (D:1)
37 creatures vanquished.

Notes
Turn   | Place    | Note
-------+----------+-------------------------------------------
     0 | D:1      | funkygono the Fairy Conjurer began the quest for the Orb.
     0 | D:1      | Reached XP level 1. HP: 11/11 MP: 6/6
     5 | D:1      | Reached skill level 5 in Conjurations
    38 | D:1      | Reached XP level 2. HP: 15/17 MP: 7/7
    45 | D:1      | Learned a level 2 spell: Searing Ray
   356 | D:1      | Reached XP level 3. HP: 21/21 MP: 9/9
   861 | D:3      | Noticed a water moccasin
   871 | D:3      | Noticed Robin
   873 | D:3      | Slain by a water moccasin

Skill      XL: |  1  2  3 |
---------------+----------+-----
Conjurations   | 5 |  5.8
Spellcasting   | 3 |  3.3
Dodging        | 3 |  3.0
Short Blades   | |  0.1
Stealth        | |  1.7

Action                   || total
-------------------------++-------
Melee: Short sword       ||    34
 Cast: Magic Dart        ||    50
       Searing Ray       ||     2
  Use: Scroll            ||     4
Armor: Skin              ||    81
Dodge: Dodged            ||   323
Block: Other             ||    70
